Cogmind - Beta 13 @@@ ROGUE MODE // 2024.06.08 @ 15:30:59 // Winter2019/RPGLIKE Player: admiral_len Result: Destroyed by G-34 Mercenary with Small Laser Performance ------------- Evolutions (0) 0 Regions Visited (1) 200 Robots Destroyed (14) 70 Value Destroyed (334) 334 Prototype IDs (0) 0 Alien Tech Used (0) 0 Bonus (0) 0 TOTAL SCORE: 604 Bonus ------- None Cogmind --------- Core Integrity 0/600 Matter 300/300 Energy 244/250 System Corruption 0% Temperature Cool (6) Movement Treading (160) Location -10/Materials Parts ------- > --- POWER (1) -------- Ion Engine > --- PROPULSION (1) --- Light Treads > --- UTILITY (1) ------ (None) > --- WEAPON (1) ------- EM Pulse Gun > --- INVENTORY (0) ---- (None) Peak State ------------ > --- POWER ------------ Ion Engine > --- PROPULSION ------- Light Treads > --- UTILITY ---------- Light Armor Plating > --- WEAPON ----------- Medium Laser > --- INVENTORY -------- (None) [Rating: 4] Favorites ----------- Power Ion Engine Engine Ion Engine Propulsion Light Treads Treads Light Treads Utility Light Armor Plating Protection Light Armor Plating Weapon Medium Laser Energy Gun Medium Laser Ballistic Gun Assault Rifle Build | -11 -10 ------- Run | Yrd Mat Slots Evolved . | . . Power . | . . Propulsion . | . . Utility . | . . Weapon . | . . Parts Attached 6 | 3 3 Power 1 | 1 . Engine 1 | 1 . Core . | . . Reactor . | . . Propulsion 1 | 1 . Treads 1 | 1 . Leg . | . . Wheel . | . . Hover . | . . Flight . | . . Utility 1 | . 1 Device . | . . Storage . | . . Processor . | . . Hackware . | . . Protection 1 | . 1 Artifact . | . . Weapon 3 | 1 2 Energy Gun 2 | 1 1 Energy Cannon . | . . Ballistic Gun 1 | . 1 Ballistic Cannon . | . . Launcher . | . . Special Weapon . | . . Impact Weapon . | . . Slashing Weapon . | . . Piercing Weapon . | . . Special Melee Weapon . | . . Unidentified Prototypes . | . . Parts Lost 1 | . 1 Power . | . . Propulsion . | . . Utility 1 | . 1 Weapon . | . . Highest Loss Streak 1 | . 1 To Critical Strikes . | . . Average Slot Usage (%) 84 | . 84 Engine 25 | . 25 Treads 25 | . 25 Protection 9 | . 9 Energy Gun 19 | . 19 Ballistic Gun 5 | . 5 Naked Turns . | . . Heaviest Build 10 | 7 10 Greatest Support 20 | 20 20 Greatest Overweight (x) 2 | 2 . Average Overweight (x) . | . . Largest Inventory Capacity . | . . Average Capacity . | . . Most Carried . | . . Average Carried . | . . Final Capacity . | . . Final Carried . | . . Class Distribution -------------------- 100% | Mutant Dominant Class ---------------- Mutant | -10/Materials Resources | -11 -10 ----------- Run | Yrd Mat Matter Collected 329 | 230 99 Remotely . | . . Salvage Created 267 | . 267 Parts 26 | . 26 Haulers Intercepted . | . . Recyclers Shooed 1 | . 1 Parts Field Recycled . | . . Retrieved Matter . | . . Parts Self-Destructed . | . . Prevented . | . . Kills | -11 -10 ------- Run | Yrd Mat Combat Hostiles Destroyed 14 | . 14 Guns 13 | . 13 Classes Destroyed 2 | . 2 Swarmer 7 | . 7 Grunt 7 | . 7 Best Kill Streak 4 | . 4 Combat Bots Only 4 | . 4 Max Kills in Single Turn 1 | . 1 Gunslinging . | . . Exploded . | . . Melee . | . . Uniques/NPCs Destroyed . | . . Combat | -11 -10 -------- Run | Yrd Mat Hostile Shots Fired 147 | . 147 Missed 23 | . 23 Damage Taken 1197 | . 1197 Core 898 | . 898 Absorbed by Shields . | . . Redirected to Core 622 | . 622 Core Remaining (%) 100 | 100 . Volleys Fired 77 | . 77 Largest 1 | . 1 Hottest 50 | . 50 Shots Fired 77 | . 77 Gun 77 | . 77 Cannon . | . . Launcher . | . . Special . | . . Kinetic 23 | . 23 Thermal 45 | . 45 Explosive . | . . Electromagnetic 9 | . 9 Robot Hit Streak 20 | . 20 Robot Miss Streak 4 | . 4 Penetration Max . | . . Secondary Targets . | . . Shots Hit Robots 50 | . 50 Core Hits 20 | . 20 Critical Kills . | . . Critical Parts Destroyed . | . . Critical Strikes 4 | . 4 Burn 4 | . 4 Melee Attacks . | . . Impact . | . . Slashing . | . . Piercing . | . . Sneak Attacks . | . . Combat Hostiles . | . . Follow-up Attacks . | . . Damage Inflicted 702 | . 702 Guns 702 | . 702 Cannons . | . . Explosions . | . . Melee . | . . Ramming . | . . Kinetic 148 | . 148 Thermal 461 | . 461 Explosive . | . . Electromagnetic 93 | . 93 Impact . | . . Slashing . | . . Piercing . | . . Highest Corruption . | . . Average Corruption . | . . Corruption Purged . | . . Corruption Blocked . | . . Overload Shots . | . . Overflow Damage . | . . Projectiles . | . . Explosions . | . . Melee . | . . Knockbacks . | . . Impact . | . . Kinetic . | . . Secondary . | . . Self-Inflicted Damage . | . . Shots . | . . Rammed . | . . Targets Rammed . | . . Kicked . | . . Crushed . | . . Highest Temperature 268 | . 268 Average Temperature 123 | . 123 Received Heat Transfer 354 | . 354 Effects 3 | . 3 Energy Bleed 1 | . 1 Interference 2 | . 2 Siege Activations . | . . Robots Corrupted . | . . Combat Hostiles . | . . Parts Fried . | . . Impact Corruptions . | . . Robots Melted 1 | . 1 Combat Hostiles 1 | . 1 Parts Melted 3 | . 3 Heat Transferred 1665 | . 1665 Parts Sabotaged . | . . Parts Stolen . | . . Parts Stripped . | . . Power Chain Reactions . | . . Alert | -11 -10 ------- Run | Yrd Mat Peak Influence 260 | . 260 Initial . | . . Average 97 | . 101 Maximum Alert Level 1 | . 1 Low Security (%) 91 | 100 91 Level 1 8 | . 8 Level 2 . | . . Level 3 . | . . Level 4 . | . . Level 5 . | . . High Security . | . . Max Security . | . . Squads Dispatched 2 | . 2 Investigation . | . . Extermination . | . . Reinforcement 2 | . 2 Assault . | . . Garrison . | . . Intercept . | . . Searches Triggered . | . . Construction Impeded . | . . Haulers Reinforced . | . . Active Scanning Responses . | . . Cargo Convoy Interrupts . | . . Stealth | -11 -10 --------- Run | Yrd Mat Distress Signals 1 | . 1 Communications Jammed . | . . Distress Signals . | . . Times Spotted 28 | . 28 Peak Tracking Total 6 | . 6 Tactical Retreats . | . . Traps | -11 -10 ------- Run | Yrd Mat Traps Triggered . | . . Indirectly . | . . Trap Hack Attempts . | . . Triggered . | . . Disarmed . | . . Reprogrammed . | . . Reused . | . . Traps Extracted . | . . Installed . | . . Triggered . | . . Machines | -11 -10 ---------- Run | Yrd Mat Machines Disabled . | . . Max in Single Turn . | . . Machines Repaired . | . . Machines Dismantled . | . . Machines Sabotaged . | . . Overloaded Fab Kills . | . . Hacking | -11 -10 --------- Run | Yrd Mat Machines Accessed 2 | . 2 Terminals . | . . Fabricators . | . . Repair Stations . | . . Recycling Units 2 | . 2 Scanalyzers . | . . Garrison Access . | . . Total Hacks 2 | . 2 Successful 2 | . 2 Failed . | . . Catastrophic . | . . Database Lockouts . | . . Manual . | . . Terminals . | . . Fabricators . | . . Repair Stations . | . . Recycling Units 2 | . 2 Scanalyzers . | . . Garrison Access . | . . Terminal Hacks . | . . Fabricator Hacks . | . . Repair Station Hacks . | . . Recycling Unit Hacks 2 | . 2 Report Inventory 2 | . 2 Scanalyzer . | . . Garrison Access Hacks . | . . Unauthorized Hacks . | . . Terminals . | . . Fabricators . | . . Repair Stations . | . . Recycling Units . | . . Scanalyzers . | . . Garrison Access . | . . Data Cores Recovered . | . . Used . | . . Hacking Detections . | . . Full Trace Events . | . . Feedback Events . | . . Feedback Blocked . | . . Robot Schematics Acquired . | . . Robots Built . | . . Authchips . | . . Time . | . . Total Robot Build Rating . | . . Part Schematics Acquired . | . . Parts Built . | . . Authchips . | . . Time . | . . Total Part Build Rating . | . . Parts Repaired . | . . Time . | . . Parts Recycled . | . . Recycled Matter . | . . Retrieved Matter . | . . Retrieved Components . | . . Parts Scanalyzed . | . . Part Schematics Acquired . | . . Parts Damaged . | . . Bothacking | -11 -10 ------------ Run | Yrd Mat Used RIF Installer . | . . Robots Hacked . | . . Non-combat . | . . Combat . | . . Robot Hacks Applied . | . . Relay Couplers Released . | . . Fabnet Peak Effective % . | . . Robots Rewired . | . . Allies Hacked . | . . Hacks Repelled . | . . Allies | -11 -10 -------- Run | Yrd Mat Total Allies . | . . Largest Group . | . . Highest-Rated Group . | . . Highest-Rated Ally . | . . Total Orders . | . . Ally Attacks . | . . Total Damage . | . . Kills . | . . Allies Corrupted . | . . Allies Melted . | . . Intel | -11 -10 ------- Run | Yrd Mat Robot Analysis Total . | . . Derelict Logs Recovered . | . . Drone Launches . | . . Drone Recoveries . | . . Exploration | -11 -10 ------------- Run | Yrd Mat Turns Passed 1265 | 53 1212 Spaces Moved 638 | 34 604 Core 8 | 8 . Treads 630 | 26 604 Legs . | . . Wheels . | . . Hover . | . . Flight . | . . Fastest Speed 50 | 50 160 Average Speed 159 | 145 160 Slowest Speed 160 | 160 160 Overloaded Moves . | . . Propulsion Burnouts . | . . Robots Hopped . | . . Cave-ins Triggered . | . . Exploration Rate (%) 43 | 3 84 Regions Visited 1 Branch Regions . Pre-discovered Areas . | . . Known Exits Taken . | . . Unknown Exits Taken 1 | 1 . Scrap Searched . | . . Spaces Dug . | . . Terrain Destroyed . | . . Melee . | . . Projectile . | . . AOE . | . . Terrain Rammed . | . . Walls Destroyed . | . . Machines Disabled . | . . Actions | -11 -10 --------- Run | Yrd Mat Total 809 | 36 773 Wait 70 | . 70 Move 637 | 33 604 Hop . | . . Pick Up . | . . Fast Attach 6 | 3 3 Attach . | . . Detach . | . . Swap . | . . Drop 2 | . 2 Fire 77 | . 77 Melee . | . . Ram . | . . Kick . | . . Crush . | . . Escape Stasis . | . . Rewire . | . . Trap . | . . Miscellaneous 17 | . 17 Route ------- -11/Scrapyard -10/Materials (discovered 4 exits: [*Mat x2] / [*Min x2]) History --------- Turn | Location | Event 16 | -11/Scrapyard | Discovered new exit (range 15) 54 | -11/Scrapyard | Entered Materials 245 | -10/Materials | Discovered new exit (range 10) 315 | -10/Materials | Build established: Mutant 572 | -10/Materials | Core integrity fell below 50% 654 | -10/Materials | Derelicts attacked the area 747 | -10/Materials | Core integrity fell below 20% 764 | -10/Materials | Reached level 2 796 | -10/Materials | Discovered new exit (range 10) 869 | -10/Materials | Discovered new exit (range 8) 1156 | -10/Materials | Discovered new exit (range 15) 1266 | -10/Materials | Destroyed by G-34 Mercenary with Small Laser Last Messages --------------- K-01 Serf cleans the Terminal. EXIT=FOUND Connecting with Recycling Unit... >>Recycling(Report) Matter reserves: 0 Inventory: Signal Interpreter (40%) Dropped Assault Rifle. Acquired EM Pulse Gun. K-01 Serf cleans the Terminal. Acquired 16 matter. K-01 Serf cleans the Atomic Centrifuge. K-01 Serf cleans the Nuclear Reactor. O-16 Technician: "IFF HANDSHAKE FAILED. SECURING TERMINAL." EXIT=FOUND K-01 Serf cleans the Nuclear Reactor. ALERT: Hostiles spotted, dispatching reinforcements to Terminal M004. W-16 Scout sends out distress signal. Destroyed Hover Unit. G-34 Mercenary destroyed. Map ----- +----------------------------------------------------+ | #### # #??????????#"" """"" | | ???# ###"Y"####???########"T """"" | | ???# #?#"""#????? // #"" """ | | ???# ###########? // # | | ???# # / # = | | ???# ^ # # ####### ###### | | ???# ^^ ^ + """ ""??# # % # #== [# | | ???# """ # """ ""??# # "Y" + %/%%=[# | | ???# ^""" == # """ ""??# + """ # # % *# | | ???# """ = #? ??# # % # #*==[# | | ???# ########### % ###+### # # | | ???# %% ### ### # # | | ???# ############ ###### | | #### ######## #??????????# #?????? | | # #????####+######??????# #?????? | | " # #????# #??????############+#####??? | | "" # #????# "#??????????????# #??? | | "" # #????# [ T#??????????????# #??? | | "" # ###### "#??????????????# #??? | | " # # #??????????????# #??? | | # # """ #??????????????# #??? | | | + # """ #??????????????# #??? | | #### """ # """ #??????????????# #??? | | "" # """ ###############??????????# #??? | | T" # """ ##### """ """!#######????# #??? | | # + """ """@# ###############??? | | ! + ##### """ """g# ?????????? | | # """ #???# ==+ #????????????????? | | !] # """ #???# *# #????????????????? | | =] # """ #???# # #????????????????? | | # #???# ## ##????????????????? | | #### ! #???# ## #?????????????????? | | ???# ##################### #?????????????????? | | ???# #?????# # #?????????????????? | | ???# #?????# """ """ """ # ####??????????????? | | ???# #?????#^""" """ """ # # #??????????????? | | ???# ####### """ """ """ # #???????????????? | | ##?# # ## # # #???????????????? | | ?# # ## # ###???????????????? | | # # #######+#####+## #?????????????????? | | # # #????# #?????????????????? | | + + #????# #?????????????????? | | # < # #????# #?????????????????? | | # # #??###+######+## #?????????????????? | | ?##### #### ] # #?????????????????? | | ?????# #""" * """ #####?????????????????? | | #??????######"R """"" #?????????????????????? | | ????????????#""" """"" #?????????????????????? | | ????????????#### "T" """"" #?????????????????????? | | ???????????????# """ """ #?????????????????????? | +----------------------------------------------------+ Best States ------------- Heat Dissipation 25 Energy Generation 10 Energy Capacity 250 Matter Stores 300 Matter Capacity 300 Sight Range 16 Terrain Scan Density 10 Armor Coverage 150 Evasion (%) 40 Recoil Reduction 1 Item Schematics ----------------- None Robot Schematics ------------------ None Fabricated ------------ Nothing Alien Tech Used ----------------- None Achievements -------------- None Challenges ------------ None RPGLIKE | -11 -10 --------- Run | Yrd Mat Levels Raised 1 | . 1 XP Earned 4650 | 3000 1650 Upgrades . | . . Protomatter Created 219 | . 219 Integrity Restored 351 | . 351 Core 298 | . 298 Parts 53 | . 53 Protomatter Decayed 75 | . 75 Game ------ Seed GravmagMolecularRailgun Manual? 0 Play Time 00:10:47 Cumulative 8.0 hours Start 2024.06.08 @ 15:21:55 End 2024.06.08 @ 15:30:59 Sessions 1 Manual Loads 0 Difficulty Rogue Special Mode Winter2019/RPGLIKE Game No. 23 Rogue 23 Adventurer 0 Explorer 0 Win Type - Total 0 Types 0/0/0/0/0/0/0/0/0 Lore% 3 Gallery% 13 Achievement% 10 Wizard Run 0 Options --------- Layout 0 ASCII 0 Keyboard 0 Movement Mouse Keybinds 0 Fullscreen 1 Font 18/SmallcapsGlow Map View 38x25 Zoom Use 99% Tactical HUD 0 Map Filters NONE Filters NONE Steam 1 RUN: a687c57d-f6f9-4da5-9b37-755a0debad2b